 Dungeon Crawl Stone Soup version 0.30-a0-881-g1ff12e1e11 (webtiles) character file.

Game seed: 14971073023650763577

1080 retardedninja the Covered (level 8, 0/72 HPs)
             Began as an Armataur Fighter on Mar 14, 2023.
             Slain by a water moccasin (5 damage)
             ... on level 6 of the Dungeon.
             The game lasted 00:05:49 (4671 turns).

retardedninja the Covered (Armataur Fighter)        Turns: 4671, Time: 00:05:50

Health: 0/72       AC: 11    Str: 24    XL:     8   Next: 8%
Magic:  8/8        EV:  4    Int:  9    God:
Gold:   275        SH:  5    Dex:  9    Spells: 7/7 levels left

rFire   . . .      SeeInvis .    a - +2 war axe
rCold   . . .      Faith    .    c - +0 buckler
rNeg    . . .      Spirit   .    v - +0 plate armour
rPois   .          Reflect  .    (no helmet)
rElec   .          Roll     +    (no cloak)
rCorr   .                        (no gloves)
Will    .....                    (no barding) Stlth
                                 (no amulet)
HPRegen 0.32/turn                (no ring)
MPRegen 0.11/turn                (no ring)

@: mighty, brilliant, lethally poisoned (0 -> -13), hasted, very quick
A: large, rugged brown scales 3, deformed body, armoured tail, roll, long
tongue, awkward tongue
a: no special abilities


You were on level 6 of the Dungeon.
You visited 1 branch of the dungeon, and saw 6 of its levels.

You collected 275 gold pieces.

Inventory:

Hand Weapons
 a - a +2 war axe (weapon)
Armour
 c - a +0 buckler (worn)
 v - a +0 plate armour (worn)
Jewellery
 l - a ring of poison resistance
Wands
 b - a wand of iceblast (7)
 i - a wand of mindburst (9)
Scrolls
 e - 3 scrolls of teleportation
 f - a scroll of fog {unknown}
 j - a scroll of silence {unknown}
 n - a scroll of poison {unknown}
 o - a scroll of enchant armour {unknown}
 q - a scroll of noise {unknown}
 r - a scroll of torment {unknown}
 s - a scroll of brand weapon {unknown}
 u - a scroll of acquirement {unknown}
Potions
 d - a potion of might
 g - 3 potions of lignification
 k - 2 potions of degeneration
 m - a potion of resistance


   Skills:
 + Level 5.0 Fighting
 + Level 4.1 Axes
 + Level 6.7 Armour
 + Level 6.1 Shields


You had 7 spell levels left.
You didn't know any spells.
Your spell library contained the following spells:

 Spells                   Type           Power      Damage    Failure   Level
 Ensorcelled Hibernation  Hex/Ice        0%         N/A       100%        2
 Spider Form              Tmut/Pois      0%         N/A       100%        3
 Anguish                  Hex/Necr       0%         N/A       100%        4


Dungeon Overview and Level Annotations

Branches:
Dungeon (6/15)
 Temple: D:4-7

Altars:
Elyvilon
Trog
Vehumet
Wu Jian


Innate Abilities, Weirdness & Mutations

You are completely covered in rugged brown scales. (AC +3, +7% HP)
Armour fits poorly on your strangely shaped body.
You have a long armoured tail.
You roll when moving toward enemies. (Rampage)
Your long tongue fully drains potion bottles. (2x potion effects)
Your tongue gives you trouble enunciating. (1.5x scroll delay)


Message History

You barely miss the water moccasin.
The water moccasin is lightly wounded.
The water moccasin bites you.
The orc priest looks satisfied for a moment.
The water moccasin bites you.
You are poisoned.
The water moccasin poisons you!
You closely miss the water moccasin.
Your tail-slap misses the water moccasin.
The water moccasin is lightly wounded.
You feel very sick.
The water moccasin bites you but does no damage.
The water moccasin bites you.
* * * LOW HITPOINT WARNING * * *
You slurp down every last drop of the potion of might!
You feel very mighty all of a sudden.
You feel very sick. You block the water moccasin's attack.
You slurp down every last drop of the fizzy puce potion!
It was a potion of haste.
You feel yourself speed up.
You feel sick.
The water moccasin bites you but does no damage.
The orc priest looks braver for a moment.
You slurp down every last drop of the inky potion!
It was a potion of brilliance.
You feel clever all of a sudden.
You feel sick. The water moccasin bites you.
* * * LOW HITPOINT WARNING * * *
You are lethally poisoned!
The water moccasin poisons you!
Okay, then.
Okay, then.
Okay, then.
Aiming: Mindburst
Press: ? - help, Q - select action, (/) - cycle Shift-Dir - straight line, f - water moccasin
Aim: a water moccasin (lightly wounded, chance to affect: 64%)
The water moccasin struggles to resist.
* * * LOW HITPOINT WARNING * * *
You feel very sick. The water moccasin bites you.
You die...

# ..# ###.##. #.# #.
#.###..... #.### #..
#.#.....# #.#.##
#...##.#.....#####....#
#................#.....
####..##.$.....###.......
.......oo......# #.#....(
#####.##S###.### #.##...#
# #@# #.# #.###.## #.#
#.# ###.###.## ... ...
.........# ##......
.........#
#####.###...####.# #.#
.........# #.# <.########
.


You could see a water moccasin, an orc priest and an orc.

Vanquished Creatures
  Sigmund (D:2)
  Duvessa (D:4)
  An ice beast (D:5)
  A black bear (D:5)
  An orc warrior (D:6)
  A centaur (D:5)
  A scorpion (D:5)
  Dowan (D:4)
  An orc priest (D:3)
  3 hounds (D:5)
  2 jellies (D:5)
  An iguana (D:4)
  An orc wizard (D:2)
  4 adders
  2 worms (D:3)
  2 dart slugs (D:1)
  10 orcs
  4 endoplasms
  4 giant cockroaches
  5 goblins
  2 hobgoblins
  A jackal (D:3)
  7 kobolds
  A quokka (D:2)
  12 ball pythons
  2 bats
  4 frilled lizards (D:3)
  8 rats
84 creatures vanquished.

Vanquished Creatures (others)
  3 plants (D:3)
3 creatures vanquished.

Grand Total: 87 creatures vanquished

Notes
Turn   | Place    | Note
-------+----------+-------------------------------------------
     0 | D:1      | retardedninja the Armataur Fighter began the quest for the
                  | Orb.
     0 | D:1      | Reached XP level 1. HP: 19/19 MP: 1/1
   155 | D:1      | Reached XP level 2. HP: 26/26 MP: 2/2
   615 | D:2      | Noticed Sigmund
   625 | D:2      | Killed Sigmund
   626 | D:2      | Reached XP level 3. HP: 22/33 MP: 3/3
   626 | D:2      | Reached XP level 4. HP: 28/41 MP: 4/4
   626 | D:2      | Reached XP level 5. HP: 33/48 MP: 5/5
   840 | D:2      | Reached skill level 5 in Armour
  1397 | D:3      | You fall into a shaft and drop 1 floor!
  1904 | D:4      | Found a sand-covered staircase.
  2249 | D:3      | Reached XP level 6. HP: 35/55 MP: 6/6
  2889 | D:4      | Found an ornate altar of the Wu Jian Council.
  2890 | D:4      | Found a radiant altar of Vehumet.
  2890 | D:4      | Found a bloodstained altar of Trog.
  3054 | D:5      | Entered Level 5 of the Dungeon
  3061 | D:5      | Noticed Duvessa
  3061 | D:5      | Noticed Dowan
  3542 | D:4      | Killed Duvessa
  3543 | D:4      | Reached skill level 5 in Shields
  3552 | D:4      | Killed Dowan
  3646 | D:5      | Reached XP level 7. HP: 56/64 MP: 7/7
  4066 | D:5      | Found a white marble altar of Elyvilon.
  4663 | D:6      | Reached skill level 5 in Fighting
  4663 | D:6      | Reached XP level 8. HP: 44/72 MP: 8/8
  4671 | D:6      | Slain by a water moccasin

Illustrated notes

Levels and vault maps discovered:
D:1:      scummos_arrival_forest, layout_loops_ring
D:2:      layout_loops_cross, uniq_sigmund
D:3:      layout_loops_ring, serial_bayou_pond_b
D:4:      layout_basic, chequers_temple_overflow_statue_of_worship,
          lightli_ossuary_entry_decrepit_ruins, nrook_campfire,
          nrook_mini_vaults, kennysheep_cross_bottleneck, serial_park_tiny_1
D:5:      layout_cave_pools, elyvilon_altar_3, uniq_duvessa
D:6:      layout_loops_ring, minmay_temple_entry_statues,
          hangedman_decor_opposing, uniq_edmund

Skill      XL: |  1  2  3  4  5  6  7 |
---------------+----------------------+-----
Armour         | 4 5 6 |  6.7
Fighting       | 3 4 5 |  5.0
Axes           | 2 3 4 |  4.1
Shields        | 4 5 6 |  6.1

Action                     |  1- 3 |  4- 6 |  7- 9 || total
---------------------------+-------+-------+-------++-------
  Melee: War axe           |    49 |   112 |    75 ||   236
         Tailslap          |     3 |    11 |     6 ||    20
  Evoke: Wand              |       |       |     1 ||     1
    Use: Scroll            |       |     8 |     2 ||    10
         Potion            |       |     6 |     4 ||    10
 Armour: Scale mail        |    17 |    27 |       ||    44
         Plate armour      |       |    50 |    57 ||   107
  Dodge: Dodged            |    16 |    38 |    16 ||    70
  Block: Buckler           |    12 |    34 |    18 ||    64

Table legend: (Time is in decaauts)
 A = Elapsed time spent in this place.
 B = Non-inter-level travel time spent in this place.
 C = Inter-level travel time spent in this place.
 D = Time resting spent in this place.
 E = Time spent auto-exploring this place.
 F = Levels seen in this place.
 G = Mean time per level.
                   A        B        C        D        E       F      G
               +--------+--------+--------+--------+--------+-----+--------+
         Total |   4769 |   4536 |    233 |    783 |   3084 |   6 |  794.8 |
       Dungeon |   4769 |   4536 |    233 |    783 |   3084 |   6 |  794.8 |
               +--------+--------+--------+--------+--------+-----+--------+

Top non-repeatable levels by time:
     D:4: 1689 daAuts
     D:5: 1019 daAuts
     D:2: 709 daAuts
     D:3: 656 daAuts
     D:1: 633 daAuts
     D:6: 61 daAuts
